 Dungeon Crawl Stone Soup version 0.30-a0-916-g9813417 (webtiles) character file.

Game seed: 4565730284028225291

150 Dorkslayer the Covered (level 5, -2/33 HPs)
             Began as a Gargoyle Fighter on Apr 16, 2023.
             Slain by Sigmund
             ... wielding a +2 heavy scythe
              (7 damage)
             ... on level 2 of the Dungeon.
             The game lasted 00:04:06 (1298 turns).

Dorkslayer the Covered (Gargoyle Fighter)           Turns: 1298, Time: 00:04:08

Health: -2/33      AC: 13    Str: 20    XL:     5   Next: 32%
Magic:  5/5        EV: 12    Int:  8    God:
Gold:   97         SH:  0    Dex: 11    Spells: 4/4 levels left

rFire   . . .      SeeInvis .    a - +0 war axe
rCold   . . .      Faith    .    c - +0 buckler
rNeg    + . .      Spirit   .    e - +0 chain mail
rPois   ∞          Reflect  .    (no helmet)
rElec   +          Rampage  .    (no cloak)
rCorr   .                        (no gloves)
Will    .....                    (no boots) Stlth
                                 h - amulet of regeneration
HPRegen 1.05/turn                f - +5 ring of evasion
MPRegen 0.09/turn                (no ring)

@: confused
A: sickness immunity, AC +4, negative energy resistance 1, electricity
resistance, torment resistance 1, petrification resistance
a: no special abilities


You were on level 2 of the Dungeon.
You visited 1 branch of the dungeon, and saw 2 of its levels.

You collected 97 gold pieces.

Inventory:

Hand Weapons
 a - a +0 war axe (weapon)
Armour
 c - a +0 buckler (worn)
 e - a +0 chain mail (worn)
Jewellery
 f - a +5 ring of evasion (left hand)
 h - an amulet of regeneration (around neck)
Scrolls
 d - a scroll of enchant armour {unknown}
 g - a scroll of torment {unknown}
 j - 3 scrolls of identify {unknown}
Potions
 i - a potion of mutation {unknown}
 k - a potion of haste {unknown}
 l - a potion of heal wounds {unknown}


   Skills:
 + Level 4.2 Fighting
 + Level 2.8 Axes
 + Level 4.2 Armour
 + Level 4.2 Shields


You had 4 spell levels left.
You didn't know any spells.
Your spell library contained the following spells:

 Spells                   Type           Power      Damage    Failure   Level
 Sandblast                Erth           0%         2d4       99%         1
 Blink                    Tloc           0%         N/A       100%        2
 Passwall                 Tmut/Erth      0%         N/A       100%        2
 Stone Arrow              Conj/Erth      0%         3d7       100%        3
 Vhi's Electric Charge    Tloc/Air       0%         N/A       100%        3
 Manifold Assault         Tloc           0%         N/A       100%        4
 Arcjolt                  Conj/Air       0%         1d10      100%        5
 Storm Form               Tmut/Air       0%         N/A       100%        7
 Maxwell's Capacitive Co  Air            0%         ∞         100%        8


Dungeon Overview and Level Annotations

Branches:
Dungeon (2/15)

Altars:
Ru

Annotations:
D:2 Sigmund


Innate Abilities, Weirdness & Mutations

You are immune to sickness and miasma.
Your stone body is resilient. (AC +4)
You are immune to poison.
You resist negative energy. (rN+)
You are resistant to electric shocks. (rElec)
You are resistant to unholy torment.
You are immune to petrification.


Message History

You throw a throwing net.
The endoplasm hits you but does no damage.
Something hits you!
Unknown command.
You slash something! You hit the dart slug. You barely miss the endoplasm.
The endoplasm barely misses you. The dart slug launches a dart at you.
The slug dart hits you but does no damage.
Unknown command.
You slash the kobold!
You kill the kobold!
You hit the dart slug. You hit the endoplasm. You closely miss something.
The endoplasm hits you but does no damage.
Something hits you!
* * * LOW HITPOINT WARNING * * *
The endoplasm hits you.
* * * LOW HITPOINT WARNING * * *
The dart slug launches a dart at you.
The slug dart hits you but does no damage.
Unknown command.
You hit the dart slug.
You kill the dart slug!
You slash the endoplasm!
You kill the endoplasm!
You barely miss something.
Unknown command.
You miss something. Something hits you!
* * * LOW HITPOINT WARNING * * *
You miss something. Something completely misses you.
You miss something. You closely miss something.
You hear some strange, mumbled words.
A magic dart appears from out of thin air!
The magic dart hits you.
* * * LOW HITPOINT WARNING * * *
You closely miss something.
You hear some strange, mumbled words.
You are confused.
Something hits you!
You die...

#..[†.....##...# #..
#.........##...# #..
#.........##...# #..
#.........##...# #..
#.........###### #..
#.........#########
#<.
................?....
###
..............†......
........####..@.......
........# #..){......
###### .......
#.......... #)....
...... #..........
#..... ### #..........
#..... #..........
#..... #..........
#..... #.........(
#..... #.....


There were no monsters in sight!

Vanquished Creatures
  Jessica (D:2)
  7 gnolls (D:2)
  2 worms (D:2)
  A dart slug (D:2)
  A ball python (D:2)
  3 endoplasms
  A giant cockroach (D:2)
  2 goblins
  8 hobgoblins
  10 jackals
  4 kobolds
  2 quokkas (D:1)
  5 bats
  2 rats
49 creatures vanquished.

Notes
Turn   | Place    | Note
-------+----------+-------------------------------------------
     0 | D:1      | Dorkslayer the Gargoyle Fighter began the quest for the
                  | Orb.
     0 | D:1      | Reached XP level 1. HP: 14/14 MP: 1/1
   248 | D:1      | Reached XP level 2. HP: 19/19 MP: 2/2
   539 | D:1      | Reached XP level 3. HP: 23/23 MP: 3/3
   988 | D:2      | Found a faded altar of an unknown god.
  1113 | D:2      | Reached XP level 4. HP: 29/29 MP: 4/4
  1148 | D:2      | Found a sacrificial altar of Ru.
  1221 | D:2      | Noticed Jessica
  1259 | D:2      | Reached XP level 5. HP: 29/33 MP: 5/5
  1259 | D:2      | Killed Jessica
  1280 | D:2      | Noticed Sigmund
  1298 | D:2      | Slain by Sigmund

Illustrated notes

Levels and vault maps discovered:
D:1:      kennysheep_arrival_seaside, layout_basic
D:2:      layout_basic, ebering_ecumenical_altar_abandoned, serial_shops,
          shop_coins, basic_altar, uniq_natasha, uniq_sigmund, uniq_jessica

Skill      XL: |  1  2  3  4 |
---------------+-------------+-----
Axes           | 2 |  2.8
Fighting       | 4 |  4.2
Armour         | 4 |  4.2
Shields        | 4 |  4.2

Action                     |  1- 3 |  4- 6 || total
---------------------------+-------+-------++-------
  Melee: War axe           |    72 |    58 ||   130
  Throw: Throwing net      |       |     2 ||     2
    Use: Potion            |     1 |     1 ||     2
 Armour: Chain mail        |    51 |    26 ||    77
  Dodge: Dodged            |    43 |    44 ||    87
  Block: Buckler           |    17 |    11 ||    28

Table legend: (Time is in decaauts)
 A = Elapsed time spent in this place.
 B = Non-inter-level travel time spent in this place.
 C = Inter-level travel time spent in this place.
 D = Time resting spent in this place.
 E = Time spent auto-exploring this place.
 F = Levels seen in this place.
 G = Mean time per level.
                   A        B        C        D        E       F      G
               +--------+--------+--------+--------+--------+-----+--------+
         Total |   1355 |   1355 |      0 |      0 |    563 |   2 |  677.5 |
       Dungeon |   1355 |   1355 |      0 |      0 |    563 |   2 |  677.5 |
               +--------+--------+--------+--------+--------+-----+--------+

Top non-repeatable levels by time:
     D:1: 1013 daAuts
     D:2: 342 daAuts
